 Dungeon Crawl Stone Soup version 0.16.1-51-g6203257 (webtiles) character file.

462 kae the Carver (level 6, -22/39 HPs)
             Began as a High Elf Skald on July 11, 2015.
             Was an Initiate of Qazlal.
             Killed from afar by kae's ghost (24 damage)
             ... with a shard of ice
             ... on level 4 of the Dungeon.
             The game lasted 00:08:03 (4611 turns).

kae the Carver (High Elf Skald)                     Turns: 4611, Time: 00:08:05

Health: -22/39     AC:  7    Str: 12    XL:     6   Next: 79%
Magic:  7/15       EV: 11    Int: 15    God:    Qazlal [......]
Gold:   163        SH:  0    Dex: 17    Spells: 4 memorised, 2 levels left

rFire  . . .     SeeInvis .     a - +1 falchion
rCold  . . .     Clarity  +     b - +0 leather armour
rNeg   . . .     SustAb   .     (no shield)
rPois  .         Gourm    .     f - +0 helmet
rElec  .         Spirit   .     (no cloak)
rCorr  .         Warding  .     q - +2 pair of gloves
rMut   .         Stasis   .     (no boots)
MR     .....                    e - amulet of clarity
Stlth  +.........               (no ring)
                                (no ring)

@: shrouded, infused, very slightly contaminated, not resistant to hostile
enchantments, very unstealthy
A: no striking features
a: Renounce Religion


You were on level 4 of the Dungeon.
You worshipped Qazlal.
Qazlal was noncommittal.
You were not hungry.

You visited 2 branches of the dungeon, and saw 5 of its levels.

You collected 163 gold pieces.

Inventory:

Hand weapons
 a - a +1 falchion (weapon)
Armour
 b - a +0 leather armour (worn)
 f - a +0 helmet (worn)
 q - a +2 pair of gloves (worn)
Jewellery
 e - an amulet of clarity (around neck)
Scrolls
 i - a scroll of remove curse {unknown}
 m - a scroll of identify
Potions
 g - 3 potions of brilliance
 j - a potion of flight {unknown}
 k - a potion of resistance {unknown}
 l - a potion of agility {unknown}
 o - a potion of cure mutation {unknown}
Books
 c - a book of Battle

   Spells                             Type                      Level
   a - Infusion                       Charms                       1
   b - Shroud of Golubria             Charms/Translocation         2
   c - Song of Slaying                Charms                       2
   d - Spectral Weapon                Hexes/Charms                 3
   e - Regeneration                   Charms/Necromancy            3
 h - a book of Control

   Spells                             Type                      Level
   a - Control Teleport               Charms/Translocation         4
   b - Control Undead                 Necromancy                   4
   c - Enslavement                    Hexes                        4
   d - Metabolic Englaciation         Hexes/Ice                    5
   e - Mass Confusion                 Hexes                        6
Comestibles
 d - 5 bread rations
 r - 3 meat rations


   Skills:
 - Level 2.0 Fighting
 + Level 8.6 Long Blades
 - Level 0.8 Armour
 - Level 1.1 Dodging
 - Level 2.9 Spellcasting
 - Level 3.8 Charms


You had 2 spell levels left.
You knew the following spells:

 Your Spells              Type           Power        Failure   Level  Hunger
a - Infusion              Chrm           ##....       6%          1    #......
b - Song of Slaying       Chrm           ##......     10%         2    ##.....
c - Shroud of Golubria    Chrm/Tloc      #.........   21%         2    ##.....
d - Regeneration          Chrm/Necr      #.........   38%         3    ###....


Dungeon Overview and Level Annotations

Branches:
Dungeon (4/15)             Temple (1/1) D:4

Altars:
Ashenzari
Cheibriados
Elyvilon
Fedhas
Kikubaaqudgha
Makhleb
Nemelex Xobeh
Okawaru
Qazlal
Ru
Sif Muna
Trog
Vehumet
Yredelemnul
Zin
The Shining One

Annotations:
D:3 kae's ghost, average NaFi
D:4 kae's ghost, average DsIE


Message History

Kae's ghost closely misses you.
Casting: Shroud of Golubria
Confirm with . or Enter, or press ? or * to list all spells.
You extend your infusion's duration.
Kae's ghost hits you but does no damage.
You are electrocuted!
* * * LOW HITPOINT WARNING * * *
The bat closely misses you. Kae's ghost closely misses you.
Unknown command.
The bat hits you but does no damage. The bat hits you but does no damage.
Kae's ghost barely misses you.
You miss the bat. The bat barely misses you. The bat closely misses you.
You hit the bat.
You kill the bat!
Qazlal accepts your kill.
Kae's ghost gestures at you while chanting.
The shard of ice hits you!
Ouch! That really hurt!
You die...

#......... #.........#
.........# .........
######## #....(....
#......# ##))..# #..###.#
#..#### #..###.# ##†W#
...###.# #@.## ....#..#
##..# #...#..# #.÷##
#..._..### ##..#
##..#....#####).## #
#..#..#........#### ..#
#.###.............#####...#
#.###............÷....[.#
#.###.............#..####


You could see kae's ghost.

Vanquished Creatures
  An ogre (D:4)
  A crimson imp (D:3)
  An orc wizard (D:3)
  2 worker ants
  An iguana (D:4)
  Ijyb (D:2)
  11 adders
  A giant mite (D:1)
  4 worms
  A giant gecko (D:2)
  5 orcs
  12 bats
  4 giant cockroaches
  9 goblins
  13 hobgoblins
  18 jackals
  9 kobolds
  A quokka (D:4)
  4 giant newts
  7 rats
106 creatures vanquished.

Notes
Turn   | Place    | Note
--------------------------------------------------------------
     0 | D:1      | kae, the High Elf Skald, began the quest for the Orb.
     0 | D:1      | Reached XP level 1. HP: 14/14 MP: 4/4
    46 | D:1      | Reached XP level 2. HP: 17/19 MP: 6/6
   454 | D:1      | Found a snail-covered altar of Cheibriados.
   786 | D:1      | Reached XP level 3. HP: 5/24 MP: 1/8
  1346 | D:1      | Reached skill level 4 in Long Blades
  1978 | D:2      | Reached XP level 4. HP: 29/29 MP: 8/11
  2029 | D:2      | Learned a level 2 spell: Song of Slaying
  2032 | D:2      | Learned a level 2 spell: Shroud of Golubria
  2036 | D:2      | Learned a level 3 spell: Regeneration
  2195 | D:2      | Reached skill level 5 in Long Blades
  2377 | D:2      | Noticed Ijyb
  2399 | D:2      | Killed Ijyb
  3052 | D:3      | Reached skill level 6 in Long Blades
  3052 | D:3      | Reached XP level 5. HP: 25/34 MP: 10/13
  3247 | D:3      | Found a bloodstained altar of Trog.
  3282 | D:3      | Noticed kae's ghost (average NaFi)
  3542 | D:3      | Reached skill level 7 in Long Blades
  3572 | D:3      | Found a burning altar of Makhleb.
  3655 | D:4      | Reached XP level 6. HP: 9/39 MP: 11/15
  3952 | D:4      | Noticed an ogre
  3971 | D:4      | Killed an ogre
  3971 | D:4      | Reached skill level 8 in Long Blades
  3979 | D:4      | Found a staircase to the Ecumenical Temple.
  4011 | Temple   | Entered the Ecumenical Temple
  4083 | Temple   | Became a worshipper of Qazlal Stormbringer
  4379 | D:4      | Found a shattered altar of Ashenzari.
  4440 | D:4      | Found a glowing golden altar of the Shining One.
  4597 | D:4      | Noticed kae's ghost (average DsIE)
  4605 | D:4      | HP: 1/39 [kae's ghost (19)]
  4611 | D:4      | Killed from afar by kae's ghost

Action                   |  1- 3 |  4- 6 || total
-------------------------+-------+-------++-------
Melee: Falchion          |   136 |   258 ||   394
 Cast: Infusion          |    10 |    23 ||    33
       Shroud of Golubri |       |     4 ||     4
       Song of Slaying   |       |     1 ||     1
  Use: Scroll            |       |     7 ||     7
       Potion            |       |     2 ||     2
  Eat: Chunk             |     2 |    11 ||    13
